 Dungeon Sprint DCSS version 0.31-a0-7-g51783674b7 (webtiles) character file.

Game seed: 13899392291890267993

945 sircluck the Grappler (level 7, 0/80 HPs)
             Began as a Troll Berserker on May 4, 2023.
             Was an Elder of Trog.
             Slain by a gargoyle
             ... wielding a +0 flail
              (15 damage)
             ... in the Dungeon (Sprint IX: "|||||||||||||||||||||||||||||") on May 5, 2023.
             The game lasted 00:01:36 (138 turns).

sircluck the Grappler (Troll Berserker)              Turns: 138, Time: 00:01:37

Health: 0/80       AC:  5    Str: 28    XL:     7   Next: 89%
Magic:  6/6        EV: 15    Int:  3    God:    Trog [****..]
Gold:   0          SH:  0    Dex: 12    Spells: 6/6 levels left

rFire   . .          .
                       - Unarmed
rCold   . . .        (no shield)
rNeg    . . .        a - +0 animal skin
rPois   .            (helmet restricted)
rElec   .            j - +0 cloak
rCorr   .            (gloves unavailable)
SInv    .            (boots unavailable)
Will    .....        (no amulet)
Stlth   +            k - +3 ring of dexterity
HPRegen 1.13/turn    l - +2 ring of evasion
MPRegen 0.10/turn

%: no teleportation
@: no status effects
A: large, unfitting armour, claws 3, regeneration 1, shaggy fur 1, tough skin 1
a: Renounce Religion, Berserk, Trog's Hand, Brothers in Arms


You were in the Dungeon.
You worshipped Trog.
Trog was greatly pleased with you.
You visited 1 branch

Inventory:

Armour
 a - a +0 animal skin (worn)
 j - a +0 cloak (worn)
Jewellery
 k - a +3 ring of dexterity (left claw)
 l - a +2 ring of evasion (right claw)
Wands
 i - a wand of quicksilver (10)
Scrolls
 g - 2 scrolls of blinking
Potions
 b - 5 potions of curing
 c - 3 potions of heal wounds
 d - a potion of haste
 e - 4 potions of magic
 f - a potion of berserk rage
 h - a potion of invisibility


   Skills:
 + Level 8.0 Fighting
 + Level 8.4 Dodging
 + Level 11.7 Unarmed Combat


You had 6 spell levels left.
You didn't know any spells.
Your spell library was empty.

Dungeon Overview and Level Annotations

Branches:
Dungeon (1/1)

Altars:
Cheibriados
Dithmenos
Elyvilon
Fedhas
Gozag
Hepliaklqana
Kikubaaqudgha
Makhleb
Nemelex Xobeh
Okawaru
Qazlal
Ru
Sif Muna
Trog
Uskayaw
Vehumet
Wu Jian
Xom
Yredelemnul
Zin
The Shining One
Jiyva
Lugonu


Innate Abilities, Weirdness & Mutations

You are too large for most types of armour.
You have claws for hands.
Your natural rate of healing is unusually fast.
You are covered in fur. (AC +1)
You have tough skin. (AC +1)


Message History

The efreet is wielding a +4 scimitar of flaming.
The purple ugly thing gurgles horribly!
The slime creature quivers.
The centaur shouts!
Two slime creatures merge to form a large slime creature.
The centaur wields a +0 shortbow.
The centaur shoots an arrow.
The arrow hits you!
The centaur unwields a +0 shortbow.
The centaur closely misses you. The centaur barely misses you.
There is an open door here.
You completely miss the centaur. The centaur closely misses you.
The centaur barely misses you. The centaur closely misses you.
The centaur misses you.
You barely miss the centaur. The centaur closely misses you.
The centaur barely misses you.
You mangle the centaur!!
You kill the centaur!
Trog accepts your kill.
Your Fighting skill increases to level 8!
You barely miss the gargoyle. The gargoyle hits you with a +0 flail!
You barely miss the gargoyle. You mangle the gargoyle!!
The gargoyle is severely damaged.
The gargoyle hurls a stone arrow at you.
The stone arrow hits you!!
* * * LOW HITPOINT WARNING * * *
The large slime creature is engulfed in blazing flames.
You scratch the gargoyle but do no damage.
The gargoyle is severely damaged.
The gargoyle hits you with a +0 flail!
* * * LOW HITPOINT WARNING * * *
The large slime creature is engulfed in blazing flames.
You scratch the gargoyle but do no damage.
The gargoyle is severely damaged.
The gargoyle completely misses you.
The large slime creature is engulfed in blazing flames.
Your ogre goes berserk!
Trog will no longer gift you weapons. The gargoyle hits you with a +0 flail!
You die...

▓+▓
▓.▓
▓.▓
▓u▓
▓J▓
▓R▓
▓9▓
▓@▓
▓.▓
▓O▓
▓.▓
▓.▓
▓.▓
▓)▓
▓)▓
▓.▓


You could see a purple ugly thing, a large slime creature, an efreet, a gargoyle
(ally target) and a friendly ogre (summoned, berserk).

Vanquished Creatures
  A troll (D)
  A wraith (D)
  2 yaks (D)
  A centaur (D)
  A kobold brigand (D)
  A scorpion (D)
  A hound (D)
  A jelly (D)
  An orc wizard (D)
  A white imp (D)
  2 hobgoblins (D)
  2 quokkas (D)
  2 rats (D)
17 creatures vanquished.

Notes
Turn   | Place    | Note
-------+----------+-------------------------------------------
     0 | D        | sircluck the Troll Berserker began the quest for the Orb.
     0 | D        | Reached XP level 1. HP: 22/22 MP: 0/0
     0 | D        | Upgraded the game from 0.31-a0-4-gefa6de2278 to
                  | 0.31-a0-7-g51783674b7
    11 | D        | Reached ** piety under Trog
    22 | D        | Noticed a jelly
    22 | D        | Noticed a scorpion
    22 | D        | Noticed a hound
    27 | D        | Killed a hound
    28 | D        | Reached skill level 4 in Unarmed Combat
    28 | D        | Reached XP level 2. HP: 32/32 MP: 1/1
    28 | D        | Reached XP level 3. HP: 39/39 MP: 2/2
    32 | D        | Killed a scorpion
    32 | D        | Reached *** piety under Trog
    33 | D        | Reached skill level 6 in Unarmed Combat
    33 | D        | Reached XP level 4. HP: 49/49 MP: 3/3
    40 | D        | Reached skill level 5 in Fighting
    40 | D        | Reached skill level 5 in Dodging
    49 | D        | Found a snail-covered altar of Cheibriados.
    49 | D        | Found a shadowy altar of Dithmenos.
    49 | D        | Found a white marble altar of Elyvilon.
    49 | D        | Found a blossoming altar of Fedhas.
    49 | D        | Found an opulent altar of Gozag.
    50 | D        | Found a hazy altar of Hepliaklqana.
    51 | D        | Found a viscous altar of Jiyva.
    52 | D        | Found an ancient bone altar of Kikubaaqudgha.
    53 | D        | Found a corrupted altar of Lugonu.
    54 | D        | Found a burning altar of Makhleb.
    55 | D        | Found a sparkling altar of Nemelex Xobeh.
    56 | D        | Found an iron altar of Okawaru.
    57 | D        | Found a stormy altar of Qazlal.
    58 | D        | Found a sacrificial altar of Ru.
    59 | D        | Found a shimmering blue altar of Sif Muna.
    60 | D        | Found a bloodstained altar of Trog.
    61 | D        | Found a hide-covered altar of Uskayaw.
    62 | D        | Found a radiant altar of Vehumet.
    63 | D        | Found an ornate altar of the Wu Jian Council.
    64 | D        | Found a shimmering altar of Xom.
    65 | D        | Found a basalt altar of Yredelemnul.
    66 | D        | Found a glowing silver altar of Zin.
    67 | D        | Found a glowing golden altar of the Shining One.
    99 | D        | Noticed a yak
    99 | D        | Noticed a wraith
    99 | D        | Noticed a troll
    99 | D        | Noticed a kobold brigand
    99 | D        | Noticed a yak
   105 | D        | Killed a yak
   105 | D        | Reached **** piety under Trog
   106 | D        | Reached skill level 8 in Unarmed Combat
   106 | D        | Reached XP level 5. HP: 56/59 MP: 4/4
   106 | D        | Reached XP level 6. HP: 63/67 MP: 5/5
   108 | D        | Reached skill level 9 in Unarmed Combat
   110 | D        | Killed a troll
   111 | D        | Reached skill level 10 in Unarmed Combat
   111 | D        | Reached XP level 7. HP: 65/78 MP: 6/6
   114 | D        | Killed a wraith
   115 | D        | Reached skill level 11 in Unarmed Combat
   116 | D        | Reached ***** piety under Trog
   121 | D        | Killed a yak
   128 | D        | Noticed a purple ugly thing
   128 | D        | Noticed a slime creature
   128 | D        | Noticed a slime creature
   128 | D        | Noticed an efreet
   128 | D        | Noticed a gargoyle
   138 | D        | Slain by a gargoyle

Illustrated notes

Levels and vault maps discovered:
D:        linesprint [early_d, line_temple, items_1, d_10, items_2, lair_1,
          lair_end, items_3, orc_1, orc_end, items_4, d_15, swamp_1, shoals_1,
          snake_1, spider_1, d_20, vaults_1, items_5, swamp_end, shoals_end,
          snake_end, spider_end, vaults_end, d_27, items_6, zot_1, zot_end,
          crypt_end, forest_end, elf_end, slime_end, tomb_end, abyss_end,
          pan_hell_end]

Skill      XL: |  1  2  3  4  5  6  7 |
---------------+----------------------+-----
Fighting       | 3 4 6 7 8 |  8.0
Dodging        | 3 4 6 7 8 |  8.4
Unarmed Combat | 4 6 8 10 11 | 11.7

Action                     |  1- 3 |  4- 6 |  7- 9 || total
---------------------------+-------+-------+-------++-------
  Melee: Unarmed           |    16 |    18 |    18 ||    52
         Punch             |       |     2 |     1 ||     3
 Invoke: Berserk           |     1 |       |       ||     1
         Brothers in Arms  |       |       |     1 ||     1
 Armour: Animal skin       |     3 |     3 |     1 ||     7
  Dodge: Dodged            |    11 |     6 |    13 ||    30

Table legend: (Time is in decaauts)
 A = Elapsed time spent in this place.
 B = Non-inter-level travel time spent in this place.
 C = Inter-level travel time spent in this place.
 D = Time resting spent in this place.
 E = Time spent auto-exploring this place.
 F = Levels seen in this place.
 G = Mean time per level.
                   A        B        C        D        E       F      G
               +--------+--------+--------+--------+--------+-----+--------+
         Total |    136 |    136 |      0 |      7 |      0 |   1 |  136.0 |
       Dungeon |    136 |    136 |      0 |      7 |      0 |   1 |  136.0 |
               +--------+--------+--------+--------+--------+-----+--------+

Top non-repeatable levels by time:
       D: 136 daAuts
